 Dungeon Crawl Stone Soup version 0.26.1-2-gb8aa6d0cf2 (webtiles) character file.

Game seed: 10696014696144783433

39128 zcampers the Fighter (level 13, 0/124 HPs)
             Began as a Minotaur Berserker on Mar 26, 2021.
             Was a Priest of Trog.
             Succumbed to a green death's poison arrow
             ... on level 1 of the Abyss.
             The game lasted 00:24:55 (15583 turns).

zcampers the Fighter (Minotaur Berserker)          Turns: 15583, Time: 00:24:55

Health: 0/124      AC: 32    Str: 21    XL:     13   Next: 67%
Magic:  12/12      EV: 12    Int:  8    God:    Trog [***...]
Gold:   1110       SH:  7    Dex: 12    Spells: 12/12 levels left

rFire    + + .     SeeInvis .   m - +4 broad axe
rCold    + . .     Faith    .   H - +2 buckler {AC+3}
rNeg     . . .     Spirit   .   L - +2 plate armour {rF+}
rPois    .         Reflect  .   b - +2 hat {Will+}
rElec    .         Harm     .   D - +0 cloak
rCorr    .         Rampage  .   K - +2 pair of gloves
Will     ++++.     Rnd*Rage +   C - +2 pair of boots {run}
Stlth    ..........             e - amulet of regeneration
HPRegen  1.00/turn              B - ring of willpower
MPRegen  0.13/turn              A - ring of protection from fire

@: lethally poisoned (0 -> -2), about to teleport, berserk cooldown,
recuperating (expiring), diseased, slowed, very slow
A: retaliatory headbutt, horns 2, berserk 2, blurry vision 1, cold resistance 1
a: Renounce Religion, Berserk, Trog's Hand


You were on level 1 of the Abyss.
You worshipped Trog.
Trog was most pleased with you.
You visited 2 branches of the dungeon, and saw 16 of its levels.
You visited the Abyss 1 time.
You also visited: Sewer and Volcano.

You collected 1110 gold pieces.

Inventory:

Hand Weapons
 m - a +4 broad axe (weapon)
 u - a +3 hand axe of flaming
Armour
 b - a +2 hat of willpower (worn)
 C - a +2 pair of boots of running (worn)
 D - a +0 cloak (worn)
 H - a +2 buckler of protection (worn)
 K - a +2 pair of gloves (worn)
 L - a +2 plate armour of fire resistance (worn)
Jewellery
 e - an amulet of regeneration (around neck)
 p - a +6 ring of dexterity
 z - an uncursed ring of positive energy
 A - a ring of protection from fire (right hand)
 B - a ring of willpower (left hand)
Wands
 c - a wand of flame (52)
 h - a wand of digging (8)
 s - a wand of disintegration (32)
 E - a wand of random effects (14)
 G - a wand of paralysis (3)
Scrolls
 a - 7 scrolls of identify
 f - 3 scrolls of enchant armour
 g - 4 scrolls of remove curse
 k - a scroll of fog
 o - 3 scrolls of blinking
 t - 6 scrolls of teleportation
 v - a scroll of random uselessness
 w - 5 scrolls of enchant weapon
Potions
 d - 12 potions of curing
 i - a potion of brilliance
 j - 5 potions of ambrosia
 n - 3 potions of flight
 q - a potion of might
 x - 3 potions of haste
 I - 2 potions of berserk rage
 J - 2 potions of resistance {unknown}
Miscellaneous
 y - a phial of floods
 F - a lightning rod (4/4)


   Skills:
 + Level 14.1 Fighting
 + Level 14.1 Axes
 + Level 13.8 Armour
 + Level 12.9 Dodging
 - Level 4.0 Shields


You had 12 spell levels left.
You didn't know any spells.
Your spell library was empty.

Dungeon Overview and Level Annotations

Branches:
Dungeon (13/15)            Temple (0/1) D:4            Lair (3/6) D:11
    Orc (0/2) D:12          Sewer (visited)         Volcano (visited)
  Swamp: Lair:2-4    Shoals: Lair:2-4     Snake: Lair:2-4    Spider: Lair:2-4
 Vaults: D:13-14

Altars:
Cheibriados
Dithmenos
Elyvilon
Fedhas
Makhleb
Okawaru
Qazlal
Ru
Trog
Vehumet
Xom
The Shining One

Shops:
D:4 [   D:11 =

Portals:
Trove: D:10 (give 6 scrolls of fear)

Annotations:
Lair:3 Sonja


Innate Abilities, Weirdness & Mutations

You reflexively headbutt those who attack you in melee.
You have a pair of horns on your head.
You often lose your temper in combat.
Scrolls take you a little longer to read.
Your flesh is cold resistant. (rC+)


Message History

You barely miss the deep elf elementalist.
You slash the earth elemental!
You feel the effects of Trog's Hand fading.
The deep elf elementalist hits you with a +0 long sword.
* * * LOW HITPOINT WARNING * * *
The deep elf elementalist casts a spell at the earth elemental.
Some walls begin to move on their own!
The earth elemental barely misses you. The green death gestures at you.
The poison arrow hits you!
You are poisoned.
* * * LOW HITPOINT WARNING * * *
The earth elemental barely misses you.
You slash the earth elemental!
The earth elemental is lightly damaged.
You hit the earth elemental but do no damage.
You slash the green death! You slash the earth elemental!
You slash the deep elf elementalist!
You hit the earth elemental but do no damage.
You hit the earth elemental.
You die...

. .# ... . .. .
...#...#..#.. #. .. #
#.#........... ..
#............. . ...
##............ . ..
#...."........ ..
#.#...................
. #.....EE........
....
..##E..E@e...#.......
#. .......E2E........#
.##.
.......#E...........
.. .#.......##.....
....
###.#..##.........
####.. ##.... . .# ...
#..#... . ....# .....
. .... ...


You could see a green death, a deep elf elementalist (fast, repels missiles) and
7 earth elementals.

Vanquished Creatures
  Gastronok (Lair:2)
  A stone giant (Volcano)
  An ettin (D:10)
  Josephine (D:12)
  2 boulder beetles (Lair:2)
  A hydra (D:10)
  Erica (Lair:1)
  3 two-headed ogres
  An unseen horror (D:12)
  Pikel (D:7)
  5 ugly things
  A cyclops (D:11)
  A worldbinder (Abyss:1)
  2 black mambas
  A torpor snail (Lair:2)
  4 cane toads
  A smoke demon (Abyss:1)
  3 gargoyles
  3 rime drakes
  2 efreet
  4 komodo dragons
  An ancient zyme (Abyss:1)
  2 trolls
  A jumping spider (shapeshifter) (D:13)
  Grinder (D:5)
  2 polar bears (Lair:2)
  7 blink frogs
  5 slime creatures (D:13)
  4 raiju (Abyss:1)
  A ynoxinul (Abyss:1)
  Eustachio (D:5)
  2 fire elementals (Volcano)
  30 yaks
  A vampire (D:12)
  4 wyverns
  5 wraiths
  A basilisk (Lair:1)
  Menkaure (D:5)
  An acid dragon (D:11)
  2 soldier ants (D:10)
  9 water moccasins
  Duvessa (D:4)
  12 orc warriors
  7 ice beasts
  2 phantoms
  2 small abominations (Abyss:1)
  A black bear (D:11)
  3 sky beasts
  2 necrophages
  A wolf (Lair:2)
  4 ogres
  10 centaurs
  A lemure (D:7)
  A big kobold (Sewer)
  19 bullfrogs
  Dowan (D:4)
  2 scorpions
  8 wights (D:11)
  18 killer bees
  A bullfrog zombie (D:11)
  2 centaur zombies
  2 quasits
  2 centaur skeletons
  14 orc priests
  3 bullfrog skeletons
  9 hounds
  3 jellies
  15 orc wizards
  Terence (D:2)
  4 iguanas
  11 worker ants
  A bullfrog simulacrum (D:10)
  2 hound zombies
  A hound skeleton (D:11)
  A worker ant zombie (D:3)
  3 gnolls (D:7)
  15 adders
  5 river rats (Sewer)
  3 white imps
  3 oozes
  2 adder skeletons
  4 worms
  3 dart slugs
  5 leopard geckos
  46 orcs
  5 ball pythons (Sewer)
  8 giant cockroaches
  4 goblins
  8 hobgoblins
  15 jackals
  5 quokkas
  10 bats
  3 frilled lizards
  2 jackal skeletons (D:4)
  24 kobolds
  A leopard gecko skeleton (D:4)
  A quokka skeleton (D:6)
  24 rats
  A lurking horror (Abyss:1)
488 creatures vanquished.

Vanquished Creatures (others)
  15 fungi
  19 plants
  A starspawn tentacle (Abyss:1)
35 creatures vanquished.

Grand Total: 523 creatures vanquished

Notes
Turn   | Place    | Note
-------+----------+-------------------------------------------
     0 | D:1      | zcampers the Minotaur Berserker began the quest for the
                  | Orb.
     0 | D:1      | Reached XP level 1. HP: 19/19 MP: 0/0
   255 | D:1      | Reached XP level 2. HP: 27/27 MP: 1/1
   711 | D:2      | Reached XP level 3. HP: 11/33 MP: 2/2
   921 | D:2      | Reached ** piety under Trog
  1127 | D:2      | Noticed Terence
  1140 | D:2      | Killed Terence
  1141 | D:2      | Reached XP level 4. HP: 41/41 MP: 3/3
  1174 | D:2      | Found a shadowy altar of Dithmenos.
  2203 | D:3      | Reached XP level 5. HP: 45/47 MP: 4/4
  2265 | D:3      | Found a stormy altar of Qazlal.
  2406 | D:3      | Gained mutation: You tend to lose your temper in combat.
                  | [potion of mutation]
  2406 | D:3      | Gained mutation: Scrolls take you a little longer to read.
                  | [potion of mutation]
  2406 | D:3      | Gained mutation: You often lose your temper in combat.
                  | [potion of mutation]
  2406 | D:3      | Gained mutation: Your flesh is cold resistant. (rC+)
                  | [potion of mutation]
  2483 | D:4      | Noticed an ice beast
  2486 | D:4      | Found a staircase to the Ecumenical Temple.
  2493 | D:4      | Killed an ice beast
  2494 | D:4      | Reached skill level 5 in Fighting
  2494 | D:4      | Reached skill level 5 in Axes
  2514 | D:4      | Reached XP level 6. HP: 56/56 MP: 5/5
  2583 | D:4      | Got a fine leather armour
  2600 | D:4      | Identified the +1 leather armour of Mum Hov {Slay+2} (You
                  | found it on level 4 of the Dungeon)
  2645 | D:4      | Found Ulaudebe's Antique Armour Boutique.
  2645 | D:4      | Noticed Duvessa
  2645 | D:4      | Noticed Dowan
  2654 | D:4      | Killed Dowan
  2662 | D:4      | Killed Duvessa
  2895 | D:4      | Reached skill level 5 in Armour
  2895 | D:4      | Reached XP level 7. HP: 62/62 MP: 6/6
  3202 | D:4      | Reached *** piety under Trog
  3590 | D:5      | Entered Level 5 of the Dungeon
  3590 | D:5      | Noticed Menkaure
  3590 | D:5      | Noticed Grinder
  3606 | D:5      | Killed Menkaure
  3607 | D:5      | Reached skill level 5 in Dodging
  3630 | D:5      | Paralysed by Grinder for 2 turns
  3634 | D:5      | Killed Grinder
  3635 | D:5      | Reached XP level 8. HP: 17/71 MP: 7/7
  3713 | D:5      | Noticed Eustachio
  3757 | D:5      | Killed Eustachio
  3939 | D:5      | Found a glowing drain.
  3943 | Sewer    | Entered a sewer
  4282 | Sewer    | Reached **** piety under Trog
  4880 | D:6      | Reached XP level 9. HP: 67/81 MP: 8/8
  4920 | D:6      | Found a sacrificial altar of Ru.
  4988 | D:6      | Found a blossoming altar of Fedhas.
  5160 | D:6      | Found a shadowy altar of Dithmenos.
  5366 | D:7      | Found a snail-covered altar of Cheibriados.
  5517 | D:7      | Found a radiant altar of Vehumet.
  5581 | D:7      | Found a shimmering altar of Xom.
  5642 | D:7      | Noticed Pikel
  5652 | D:7      | Killed Pikel
  6285 | D:8      | You fall into a shaft and drop 1 floor!
  6453 | D:8      | Found an iron altar of Okawaru.
  6453 | D:8      | Found a bloodstained altar of Trog.
  6461 | D:8      | Found a burning altar of Makhleb.
  6464 | D:8      | Found a faded altar of an unknown god.
  6466 | D:8      | Found a faded altar of an unknown god.
  6585 | D:8      | Reached XP level 10. HP: 77/91 MP: 9/9
  6612 | D:8      | Found a snail-covered altar of Cheibriados.
  6721 | D:9      | Found a white marble altar of Elyvilon.
  6783 | D:9      | Identified a +2 pair of boots of running (You found it on
                  | level 9 of the Dungeon)
  6858 | D:9      | Reached ***** piety under Trog
  6887 | D:9      | Noticed a red ugly thing
  6896 | D:9      | Killed a red ugly thing
  7426 | D:9      | Reached skill level 10 in Fighting
  7432 | D:9      | Reached skill level 10 in Axes
  7691 | D:10     | Entered Level 10 of the Dungeon
  7721 | D:10     | Found a portal to a secret trove of treasure.
  8114 | D:10     | Noticed a four-headed hydra
  8119 | D:10     | Killed a one-headed hydra
  8120 | D:10     | Reached skill level 10 in Armour
  8130 | D:10     | Noticed an ettin
  8132 | D:10     | Found the +5 scythe "Finisher" {speed, eviscerate}
  8213 | D:10     | Killed an ettin
  8214 | D:10     | Reached XP level 11. HP: 68/101 MP: 10/10
  8995 | D:11     | Reached skill level 10 in Dodging
  9059 | D:11     | Noticed a two-headed ogre
  9075 | D:11     | Killed a two-headed ogre
  9313 | D:11     | Found a staircase to the Lair.
  9423 | D:11     | Found a glowing golden altar of the Shining One.
  9521 | D:11     | Received a gift from Trog
  9651 | D:11     | Noticed a red ugly thing
  9667 | D:11     | Killed a red ugly thing
  9756 | D:11     | Found Dig Kuj's Jewellery Shoppe.
  9874 | D:12     | Noticed a two-headed ogre
  9881 | D:12     | Killed a two-headed ogre
 10016 | D:12     | Noticed Josephine
 10026 | D:12     | Killed Josephine
 10212 | D:12     | Killed an unseen horror
 10359 | D:12     | Reached XP level 12. HP: 112/112 MP: 11/11
 10519 | D:12     | Found a staircase to the Orcish Mines.
 11133 | D:13     | Noticed a two-headed ogre
 11141 | D:13     | Killed a two-headed ogre
 11142 | D:13     | Reached skill level 1 in Shields
 11419 | D:13     | Identified a scroll of acquirement
 11419 | D:13     | Acquired a +2 hat of willpower
 11534 | D:13     | Received a gift from Trog
 12333 | Lair:1   | Entered Level 1 of the Lair of Beasts
 12799 | Lair:1   | Noticed Erica
 12810 | Lair:1   | Killed Erica
 13085 | Lair:2   | Noticed a boulder beetle
 13107 | Lair:2   | Killed a boulder beetle
 13172 | Lair:2   | Noticed a boulder beetle
 13199 | Lair:2   | Killed a boulder beetle
 13292 | Lair:2   | Reached XP level 13. HP: 109/122 MP: 12/12
 13377 | Lair:2   | Noticed Gastronok
 13393 | Lair:2   | Killed Gastronok
 13457 | Lair:2   | Found a dark tunnel.
 13469 | Volcano  | Entered a volcano
 13526 | Volcano  | Noticed a stone giant
 13539 | Volcano  | Killed a stone giant
 15358 | Lair:3   | Noticed Sonja
 15364 | Lair:3   | Cast into level 1 of the Abyss (Sonja)
 15422 | Abyss:1  | Noticed a tentacled starspawn
 15423 | Abyss:1  | Noticed a red very ugly thing
 15452 | Abyss:1  | Found a corrupted altar of Lugonu.
 15531 | Abyss:1  | Found a corrupted altar of Lugonu.
 15570 | Abyss:1  | Noticed a deep elf elementalist
 15571 | Abyss:1  | Noticed a green death
 15582 | Abyss:1  | HP: 1/124 [green death/poison arrow (11)]
 15583 | Abyss:1  | Succumbed to a green death's poison arrow

Illustrated notes

Levels and vault maps discovered:
D:1:      evilmike_arrival_plus, layout_rooms
D:2:      layout_basic, lemuel_round_altar, uniq_terence
D:3:      layout_rooms, nicolae_qazlal_eye_of_the_storm
D:4:      layout_basic, minmay_temple_entry_slanted, serial_shops, shop,
          uniq_duvessa
D:5:      layout_rooms, gup_sewer_entry_spiral, uniq_menkaure, uniq_grinder,
          uniq_eustachio
D:6:      layout_rooms, nicolae_ru_great_annihilating_truth,
          fedhas_altar_fruit_tree, nicolae_dithmenos_through_a_glass_darkly
D:7:      layout_loops_ring, overflow_temple_1_default,
          nicolae_overflow_crystal_walls, slow_altar_2, uniq_pikel
D:8:      layout_cave_pools, chequers_temple_overflow_minitemple,
          lemuel_statue_altar
D:9:      layout_irregular_city, elyvilon_altar_5, patterned_corridor
D:10:     layout_loops_ring, nicolae_trove_entry_crossroad,
          nicolae_twisting_strands, minmay_evil_grid
D:11:     layout_irregular_city, grunt_lair_entry_orc_guard_hut, serial_shops,
          shop, tso_metal_star
D:12:     layout_basic, david_orc_3, uniq_josephine
D:13:     layout_grid_maze
Lair:1:   layout_gridlike, uniq_erica
Lair:2:   nzn_winding_woodlands_cross [nzn_winding_woodlands_5x15_concentric,
          nzn_winding_woodlands_5x15_pockets,
          nzn_winding_woodlands_5x15_pathside_ponds,
          nzn_winding_woodlands_5x15_jagged,
          nzn_winding_woodlands_15x15_boxy_spiral], layout_small_grid,
          enter_volcano_2, serial_bayou_shore_b, lemuel_fruit_fields,
          uniq_gastronok
Lair:3:   layout_hall_layers, gauntlet_entry_generic, uniq_sonja
Abyss:1:  base:
D:8

Skill      XL: |  1  2  3  4  5  6  7  8  9 10 11 12 13 |
---------------+----------------------------------------+-----
Fighting       | 4 5 6 8 9 10 12 13 14 | 14.1
Axes           | 4 5 6 7 9 10 12 13 14 | 14.1
Armour         | 3 4 5 6 7 9 10 11 12 13 | 13.8
Dodging        | 3 4 5 6 8 9 11 12 | 12.9
Shields        | 4 |  4.0

Action                   |  1- 3 |  4- 6 |  7- 9 | 10-12 | 13-15 || total
-------------------------+-------+-------+-------+-------+-------++-------
Melee: Hand axe          |    69 |   122 |   333 |   302 |       ||   826
       Headbutt          |    12 |    20 |    76 |   165 |    38 ||   311
       Broad axe         |       |       |       |   294 |   171 ||   465
Invok: Berserk           |     1 |     2 |     4 |     6 |     7 ||    20
       Trog's Hand       |     1 |     2 |     9 |    20 |    11 ||    43
       Brothers in Arms  |       |       |       |       |     1 ||     1
  Use: Scroll            |     4 |     2 |     5 |     9 |     2 ||    22
       Potion            |     3 |     3 |     2 |     3 |     3 ||    14
 Stab: Invisible         |       |       |     1 |     2 |       ||     3
       Paralysed         |       |       |     1 |       |       ||     1
Armor: Animal skin       |    21 |       |       |       |       ||    21
       Plate armour      |    27 |       |       |       |   150 ||   177
       Scale mail        |     5 |    48 |       |       |       ||    53
       Ring mail         |       |    37 |   130 |   248 |    12 ||   427
Dodge: Dodged            |    45 |   108 |   299 |   583 |   187 ||  1222
Block: Buckler           |       |       |       |    62 |    96 ||   158
